 Dungeon Crawl Stone Soup version 0.29.1-1-gd02db6906a (webtiles) character file.

Game seed: 14721338192999665801

54 Acheron the Ducker (level 4, -11/33 HPs)
             Began as a Human Gladiator on Oct 2, 2022.
             Killed by nerve-wracking pain
             ... invoked by an orc priest
              (14 damage)
             ... on level 3 of the Dungeon.
             The game lasted 00:05:11 (1343 turns).

Acheron the Ducker (Human Gladiator)                Turns: 1343, Time: 00:05:13

Health: -11/33     AC: 10    Str: 15    XL:     4   Next: 12%
Magic:  4/4        EV:  7    Int:  8    God:
Gold:   32         SH:  0    Dex: 16    Spells: 3/3 levels left

rFire   . . .      SeeInvis .   a - +0 war axe
rCold   . . .      Faith    .   (no shield)
rNeg    . . .      Spirit   .   h - +0 chain mail
rPois   .          Reflect  .   c - +1 helmet
rElec   .          Harm     .   (no cloak)
rCorr   .          Rampage  .   (no gloves)
Will    .....                   (no boots)
Stlth   ..........              (no amulet)
HPRegen 0.11/turn               (no ring)
MPRegen 0.09/turn               (no ring)

@: no status effects
A: no striking features
a: no special abilities


You were on level 3 of the Dungeon.
You visited 1 branch of the dungeon, and saw 3 of its levels.

You collected 32 gold pieces.

Inventory:

Hand Weapons
 a - a +0 war axe (weapon)
 k - a +4 dagger of protection
Missiles
 d - 3 throwing nets (quivered)
 e - a javelin
 i - 3 poisoned darts
Armour
 b - a +0 leather armour
 c - a +1 helmet (worn)
 h - a +0 chain mail (worn)
Scrolls
 j - a scroll of identify {unknown}
Potions
 f - a potion of berserk rage {unknown}
 g - a potion of curing {unknown}


   Skills:
 + Level 2.2 Fighting
 + Level 3.5 Axes
 + Level 2.0 Throwing
 * Level 1.1 Armour
 * Level 3.6 Dodging
 * Level 1.0 Stealth


You had 3 spell levels left.
You didn't know any spells.
Your spell library was empty.

Dungeon Overview and Level Annotations

Branches:
Dungeon (2/15)

Altars:


Message History

You have reached level 4!
You feel stronger.
You hit the ball python.
The ball python is severely wounded.
You feel sick.
The ball python bites you but does no damage.
The ball python grabs you. The ball python constricts you.
The ball python bites you but does no damage.
The ball python constricts you.
You hit the ball python.
You kill the ball python!
You feel sick.
You are no longer poisoned.
You hit the orc but do no damage. The orc barely misses you.
You slash the orc!
You kill the orc!
You start resting.
An orc priest comes into view. It is wielding a +0 club.
The orc priest shouts!
Items here: ) †††.
You start resting.
An orc priest is nearby!
The orc priest invokes the aid of Beogh against you.
Pain shoots through your body!
* * * LOW HITPOINT WARNING * * *
You hit the orc priest.
The orc priest is moderately wounded.
The orc priest hits you but does no damage.
You barely miss the orc priest.
You punch the orc priest, but do no damage.
The orc priest is moderately wounded.
The orc priest casts a cantrip, but nothing happens.
You barely miss the orc priest.
The orc priest is moderately wounded.
The orc priest mumbles some strange prayers to Beogh against you.
Pain shoots through your body!
* * * LOW HITPOINT WARNING * * *
The orc priest invokes the aid of Beogh against you.
Pain shoots through your body!
You die...

## #####.
......######
#..........#
#...?......#
#?.........####
#....!.....o..#
..........@##..o.#
###.$.....#####....#
.# #.......# ##..
.#.. #..###### .#.
#.## .^ #.# #### #
.# #.# ##...#... .#
#.####........ .#
#....[.o......


You could see an orc priest.

Vanquished Creatures
  An adder (D:3)
  A worm (D:2)
  2 orcs (D:3)
  2 ball pythons
  2 bats
  6 endoplasms
  2 giant cockroaches (D:1)
  3 goblins
  2 hobgoblins
  4 jackals (D:1)
  2 kobolds (D:1)
  3 quokkas (D:1)
  3 frilled lizards
  2 rats (D:2)
35 creatures vanquished.

Notes
Turn   | Place    | Note
-------+----------+-------------------------------------------
     0 | D:1      | Acheron the Human Gladiator began the quest for the Orb.
     0 | D:1      | Reached XP level 1. HP: 16/16 MP: 1/1
   110 | D:1      | Reached XP level 2. HP: 17/22 MP: 2/2
   444 | D:1      | Reached XP level 3. HP: 10/27 MP: 3/3
  1118 | D:2      | Reached skill level 1 in Armour
  1206 | D:2      | You fall into a shaft and drop 1 floor!
  1324 | D:3      | Reached skill level 1 in Stealth
  1324 | D:3      | Reached XP level 4. HP: 21/33 MP: 4/4
  1343 | D:3      | Killed from afar by an orc priest

Illustrated notes

Levels and vault maps discovered:
D:1:      dpeg_arrival_pond, layout_basic, chequers_ecumenical_altar_grove
D:2:      layout_loops_ring, minmay_pentomino_s4, uniq_terence,
          uniq_crazy_yiuf_cottage
D:3:      layout_rooms, lemuel_tele_altar

Skill      XL: |  1  2  3 |
---------------+----------+-----
Armour         | 1 |  1.1
Stealth        | 1 |  1.0
Fighting       | |  2.2
Axes           | |  3.5
Throwing       | |  2.0
Dodging        | |  3.6

Action                   |  1- 3 |  4- 6 || total
-------------------------+-------+-------++-------
Melee: War axe           |   109 |     7 ||   116
       Punch             |       |     1 ||     1
Throw: Throwing net      |     1 |       ||     1
  Use: Scroll            |     3 |       ||     3
 Stab: Sleeping          |     1 |       ||     1
Armor: Leather armour    |    25 |       ||    25
       Chain mail        |    27 |     3 ||    30
Dodge: Dodged            |    64 |     1 ||    65
